 Dungeon Crawl Stone Soup version 0.21.1-1-g345015f (webtiles) character file.

95 spiff the Vexing (level 4, 33/34 HPs)
             Began as a Demonspawn Enchanter on Feb 2, 2018.
             Quit the game on level 3 of the Dungeon on June 20, 2018.
             The game lasted 00:13:26 (2938 turns).

spiff the Vexing (Demonspawn Enchanter)             Turns: 2938, Time: 00:13:27

Health: 33/34      AC:  6    Str:  9    XL:     4   Next: 39%
Magic:  7/7        EV: 16    Int: 17    God:
Gold:   99         SH:  0    Dex: 13    Spells: 4/7 levels left

rFire    . . .     SeeInvis .   a - +2 dagger
rCold    . . .     Gourm    .   (no shield)
rNeg     . . .     Faith    .   p - +0 leather armour (curse)
rPois    .         Spirit   .   (helmet restricted)
rElec    .         Reflect  .   (no cloak)
rCorr    .         Harm     .   o - +0 pair of gloves
MR       .....                  (no boots)
Stlth    ++........             (no amulet)
HPRegen  0.11/turn              i - +5 ring of evasion
MPRegen  0.10/turn              (no ring)

@: no status effects
A: antennae 1, slimy green scales 1, powered by pain 1
a: no special abilities


You were on level 3 of the Dungeon.
You were hungry.

You visited 1 branch of the dungeon, and saw 3 of its levels.

You collected 99 gold pieces.

Inventory:

Hand Weapons
 a - a +2 dagger (weapon)
Armour
 b - a +0 robe
 e - a +0 ring mail
 o - a +0 pair of gloves (worn)
 p - a cursed +0 leather armour (worn)
Jewellery
 i - a +5 ring of evasion (left hand)
Scrolls
 k - 2 scrolls of immolation
 l - a scroll of amnesia {unknown}
 q - a scroll of identify
Potions
 f - a potion of agility
 g - a potion of cancellation {unknown}
 h - a potion of lignification {unknown}
 m - a potion of degeneration {unknown}
 n - a potion of might {unknown}
Books
 c - a book of Maledictions

   Spells                             Type                      Level
   a - Corona                         Hexes                        1
   b - Ensorcelled Hibernation        Hexes/Ice                    2
   c - Confuse                        Hexes                        3
   d - Tukima's Dance                 Hexes                        3
   e - Dazzling Spray                 Conjuration/Hexes            3
Comestibles
 d - 8 rations


   Skills:
 + Level 2.7 Fighting
 - Level 0.8 Short Blades
 - Level 1.7 Dodging
 - Level 2.6 Stealth
 - Level 2.0 Spellcasting
 + Level 4.2 Hexes


You had 4 spell levels left.
You knew the following spells:

 Your Spells              Type           Power        Failure   Level  Hunger
a - Corona                Hex            ###....      4%          1    #......
b - Ensorcelled Hibernat  Hex/Ice        #.....       17%         2    ###....


Dungeon Overview and Level Annotations

Branches:
Dungeon (3/15)

Altars:
Gozag
The Shining One

Annotations:
D:2 1 runed door


Innate Abilities, Weirdness & Mutations

You have a pair of small antennae on your head.
You are partially covered in slimy green scales. (AC +2)
You sometimes gain a little power by taking damage.


Message History

Quiver which item? (- for none, * to show all) (? for menu, Esc to quit)
Okay, then.
Save game and exit?
Okay, then.
Okay, then.
Quiver which item? (- for none, * to show all) (? for menu, Esc to quit)
Okay, then.
Unknown command.
Quiver which item? (- for none, * to show all) (? for menu, Esc to quit)
Okay, then.
Okay, then.
The frilled lizard misses you.
You hit the frilled lizard.
The frilled lizard is heavily wounded.
The frilled lizard closely misses you.
You hit the frilled lizard.
You kill the frilled lizard!
Fire/throw which item? (* to show all) (? for menu, Esc to quit)
Okay, then.
Are you sure you want to abandon this character and quit the game? (Confirm with "yes".)

#.......#
##.....#.#
#........#
#........#
........#
#.....#.# #
#††.....#
.#.(###@#.####.#
...........!...
......#†#..####
?###..#....#
........<.#
###..##...# #..
#.#.# ... ....#
#### #...##


There were no monsters in sight!

Vanquished Creatures
  Jessica (D:2)
  2 adders (D:2)
  A worm (D:2)
  A dart slug (D:1)
  A leopard gecko (D:1)
  4 bats
  2 giant cockroaches
  7 goblins
  3 hobgoblins
  4 jackals
  A quokka (D:2)
  6 frilled lizards
  9 kobolds
  3 rats
45 creatures vanquished.

Vanquished Creatures (others)
  4 toadstools (D:1)
4 creatures vanquished.

Grand Total: 49 creatures vanquished

Notes
Turn   | Place    | Note
-------+----------+-------------------------------------------
     0 | D:1      | spiff the Demonspawn Enchanter began the quest for the Orb.
     0 | D:1      | Reached XP level 1. HP: 13/13 MP: 3/3
   565 | D:1      | Reached skill level 1 in Fighting
   593 | D:1      | Gained mutation: You have a pair of small antennae on your head. [demonic ancestry]
   593 | D:1      | Reached XP level 2. HP: 19/21 MP: 1/5
   629 | D:1      | Learned a level 2 spell: Ensorcelled Hibernation
  1475 | D:2      | Noticed Jessica
  1546 | D:1      | Gained mutation: You are partially covered in slimy green scales. (AC +2) [demonic ancestry]
  1546 | D:1      | Reached XP level 3. HP: 23/27 MP: 3/6
  2307 | D:2      | Killed Jessica
  2307 | D:2      | Reached skill level 4 in Hexes
  2307 | D:2      | Gained mutation: You sometimes gain a little power by taking damage. [demonic ancestry]
  2307 | D:2      | Reached XP level 4. HP: 34/34 MP: 4/7
  2397 | D:2      | Found a glowing golden altar of the Shining One.
  2492 | D:2      | Found an opulent altar of Gozag.
  2666 | D:2      | Found a runed door.
  2927 | D:3      | Upgraded the game from 0.21.1 to 0.21.1-1-g345015f
  2938 | D:3      | Quit the game

Skill      XL: |  1  2  3 |
---------------+----------+-----
Fighting       | 1 2 |  2.7
Hexes          | 4 |  4.2
Short Blades   | |  0.8
Dodging        | |  1.7
Stealth        | |  2.6
Spellcasting   | |  2.0

Action                   |  1- 3 |  4- 6 || total
-------------------------+-------+-------++-------
Melee: Dagger            |   134 |    47 ||   181
 Cast: Corona            |    28 |     5 ||    33
       Ensorcelled Hiber |     3 |     2 ||     5
  Use: Scroll            |     5 |       ||     5
 Stab: Sleeping          |     4 |     3 ||     7
  Eat: Chunk             |     5 |     2 ||     7
Armor: Ring mail         |    45 |       ||    45
       Leather armour    |    17 |     7 ||    24
Dodge: Dodged            |    91 |    34 ||   125
